AoeStats
← WiryFuzzball

Fortress

509739504Analyzed
3v3 RM · 4d ago on Sep 27, 2026· 46m 30s· 6 players
Game mode
Random Map
Map size
Large (8 player)
Population
200
Speed
Normal
Resources
Standard
Victory
Conquest
Starting age
Dark Age
Ending age
Imperial Age
RankedLock teamsTeams togetherTeam positionsShared explorationLock speedFull tech treeHidden civsTurbo modeCheats
Victory
Defeat
🇺🇸 Britons · United States
988
+14
🇺🇸 Bohemians · United States
977
+14
🇺🇸 Aztecs · United States
974
+14
🇺🇸 Khmer · United States
961
-14
🇺🇸 Ethiopians · United States
934
-14
🇺🇸 Spanish · United States
923
-14
X SaLtEdNuTs X
9:48 Feudal Age
13:41 Castle Age
13:34 Bloodlines
18:25 Double-Bit Axe
19:24 Wheelbarrow
19:50 Forging
19:43 Gold Mining
22:27 Bow Saw
23:36 Scale Barding Armor
30:25 Imperial Age
28:55 Iron Casting
28:20 Horse Collar
30:39 Cavalier
31:47 Chain Barding Armor
32:14 Paladin
34:01 Blast Furnace
35:46 Husbandry
36:24 Plate Barding Armor
37:10 Two-Man Saw
37:14 Conscription
X SaLtEdTlTs X
7:32 Feudal Age
5:52 Loom
16:53 Double-Bit Axe
16:53 Horse Collar
17:07 Gold Mining
20:13 Castle Age
23:37 Imperial Age
21:52 Wheelbarrow
21:34 Bow Saw
21:36 Heavy Plow
22:40 Crossbowman
23:26 Thumb Ring
23:28 Fletching
23:38 Padded Archer Armor
29:17 Wheelbarrow
33:25 Chemistry
32:47 Ballistics
32:16 Arbalester
41:46 Gold Shaft Mining
46:34 Caravan
46:10 Onager
X SaLtEdDiZzY X
7:43 Feudal Age
6:01 Loom
8:16 Double-Bit Axe
8:21 Horse Collar
12:42 Castle Age
11:25 Gold Mining
12:37 Wheelbarrow
13:50 Bow Saw
14:15 Heavy Plow
15:45 Stone Mining
20:11 Gold Shaft Mining
20:35 Hand Cart
21:44 Stone Shaft Mining
23:48 Fortified Wall
27:25 Imperial Age
25:53 Husbandry
26:03 Bloodlines
26:17 Ballistics
26:24 Scale Barding Armor
26:49 Forging
26:41 Light Cavalry
28:11 Iron Casting
27:34 Town Watch
28:37 Crop Rotation
28:30 Conscription
28:56 Town Patrol
29:34 Chain Barding Armor
29:49 Iron Casting
29:58 Iron Casting
30:43 Double Crossbow
31:20 Elite Ballista Elephant
32:02 Hussar
33:06 Siege Engineers
37:25 Caravan
WiryFuzzball
8:31 Feudal Age
9:37 Double-Bit Axe
12:44 Castle Age
10:59 Horse Collar
13:43 Bow Saw
14:08 Loom
18:20 Wheelbarrow
18:15 Town Watch
20:14 Heavy Plow
23:39 Hand Cart
24:14 Pikeman
24:56 Squires
29:31 Imperial Age
27:16 Fortified Wall
27:38 Forging
29:16 Chemistry
28:32 Caravan
29:39 Iron Casting
28:56 Fletching
29:25 Wagenburg Tactics
29:06 Elite Skirmisher
29:59 Houfnice
31:06 Siege Engineers
31:15 Halberdier
33:11 Two-Man Saw
33:56 Conscription
35:25 Onager
36:47 Bodkin Arrow
37:52 Blast Furnace
40:18 Fervor
40:50 Capped Ram
bowerca93
6:25 Loom
8:43 Feudal Age
10:40 Double-Bit Axe
10:36 Horse Collar
13:32 Castle Age
15:47 Town Watch
20:25 Wheelbarrow
21:39 Heavy Plow
24:32 Town Patrol
25:02 Hand Cart
25:14 Fortified Wall
29:25 Imperial Age
27:28 Gambesons
27:44 Squires
28:41 Caravan
29:13 Scale Mail Armor
29:23 Forging
29:04 Fletching
29:14 Padded Archer Armor
29:16 Arson
28:53 Pikeman
30:12 Chain Mail Armor
29:32 Capped Ram
30:14 Elite Skirmisher
30:46 Elite Jaguar Warrior
32:49 Iron Casting
32:32 Eagle Warrior
33:58 Plate Mail Armor
33:23 Bodkin Arrow
35:38 Blast Furnace
34:36 Heated Shot
35:09 Ballistics
35:50 Chemistry
34:56 Siege Engineers
35:19 Murder Holes
35:57 Bracer
36:31 Leather Archer Armor
36:44 Garland Wars
36:51 Conscription
40:28 Chemistry
40:00 Sanctity
39:52 Fervor
40:01 Block Printing
39:59 Redemption
40:09 Devotion
40:36 Illumination
40:51 Theocracy
40:34 Atonement
40:37 Herbal Medicine
41:27 Faith
40:45 Elite Eagle Warrior
42:16 Siege Ram
JillVibesDotCom
8:10 Feudal Age
12:41 Castle Age
10:45 Double-Bit Axe
11:14 Fletching
11:17 Gold Mining
12:42 Padded Archer Armor
14:10 Horse Collar
16:45 Bow Saw
16:26 Loom
17:04 Heavy Plow
18:46 Bodkin Arrow
27:01 Imperial Age
25:16 Stone Mining
28:10 Conscription
27:18 Pikeman
27:59 Squires
28:33 Yeomen
28:35 Bracer
29:18 Wheelbarrow
29:29 Arrowslits
30:44 Chemistry
29:35 Elite Longbowman
30:39 Ballistics
30:47 Forging
30:35 Arson
32:28 Leather Archer Armor
32:49 Iron Casting
32:16 Scale Mail Armor
33:36 Caravan
34:42 Ring Archer Armor
36:33 Gold Shaft Mining
36:26 Fortified Wall
37:19 Blast Furnace
36:20 Scale Mail Armor
38:20 Two-Man Saw
38:11 Hand Cart
40:20 Halberdier
41:27 Chain Mail Armor
41:18 Scale Barding Armor
43:12 Plate Mail Armor
42:58 Masonry
42:55 Siege Engineers
43:06 Masonry
Connection lost

Rejoining the realm…

Still unreachable

The connection could not be restored.

Session expired

The server has moved on; the page needs a fresh start.